AoeStats
← Santissima Trinidad

Arabia

506179293Analyzed
4v4 RM · 18d ago on Sep 12, 2026· 41m 51s· 8 players
Game mode
Random Map
Map size
Large (8 player)
Population
200
Speed
Normal
Resources
Standard
Victory
Conquest
Starting age
Dark Age
Ending age
Imperial Age
RankedLock teamsTeams togetherTeam positionsShared explorationLock speedFull tech treeHidden civsTurbo modeCheats
Victory
Defeat
🇺🇸 Lithuanians · United States
1179
+15
🇲🇽 Portuguese · Mexico
1150
+16
🇨🇳 Cumans · China
1104
+19
🇨🇳 Jurchens · China
1104
+18
🇩🇪 Slavs · Germany
1211
-18
🇩🇪 Magyars · Germany
1169
-18
🇩🇪 Vietnamese · Germany
1147
-17
🇩🇪 Hindustanis · Germany
1098
-15
Quimimoshly06
2:25 Loom
12:06 Feudal Age
12:58 Double-Bit Axe
18:01 Castle Age
15:47 Town Watch
16:48 Horse Collar
20:50 Bow Saw
21:21 Wheelbarrow
23:45 Heavy Plow
24:43 Gold Mining
25:42 Stone Mining
31:42 Imperial Age
29:29 Hand Cart
29:08 Treadmill Crane
29:49 Ballistics
30:36 Forging
30:27 Scale Mail Armor
30:49 Pikeman
33:42 Conscription
34:14 Chain Mail Armor
34:35 Iron Casting
35:45 Chemistry
36:00 Halberdier
40:11 Elite Organ Gun
42:50 Blast Furnace
42:20 Plate Mail Armor
41:41 Fletching
42:00 Siege Engineers
Forkan Rick
9:46 Feudal Age
10:54 Loom
12:19 Scale Barding Armor
15:24 Forging
18:57 Horse Collar
25:12 Castle Age
24:40 Bloodlines
26:28 Chain Barding Armor
28:32 Husbandry
35:19 Wheelbarrow
38:55 Double-Bit Axe
40:02 Hand Cart
42:41 Imperial Age
40:56 Iron Casting
41:26 Gold Mining
41:38 Heavy Plow
41:26 Treadmill Crane
NickJiang
12:18 Feudal Age
14:51 Double-Bit Axe
17:50 Castle Age
15:51 Horse Collar
17:10 Loom
29:12 Wheelbarrow
29:51 Scale Barding Armor
35:00 Gold Mining
36:08 Bloodlines
39:43 Chain Barding Armor
40:32 Gold Shaft Mining
42:20 Forging
bluestorm
6:28 Loom
8:51 Feudal Age
10:23 Wheelbarrow
9:35 Double-Bit Axe
10:34 Horse Collar
19:25 Fletching
20:46 Padded Archer Armor
25:50 Castle Age
24:53 Gold Mining
26:44 Thumb Ring
26:38 Bodkin Arrow
26:59 Leather Archer Armor
28:08 Bloodlines
28:36 Bow Saw
32:31 Ballistics
34:28 Scale Barding Armor
34:33 Forging
34:13 Capped Ram
38:24 Imperial Age
38:28 Heavy Cavalry Archer
39:33 Parthian Tactics
40:11 Chemistry
39:43 Ring Archer Armor
40:51 Two-Man Saw
41:04 Siege Ram
41:15 Siege Ram
phanTom9529
2:39 Loom
12:38 Feudal Age
18:00 Castle Age
24:07 Horse Collar
28:00 Gold Mining
31:22 Forging
31:53 Scale Barding Armor
32:40 Husbandry
33:23 Bloodlines
33:59 Double-Bit Axe
36:57 Gold Shaft Mining
37:35 Crossbowman
Santissima Trinidad
7:38 Loom
9:56 Feudal Age
11:14 Horse Collar
11:21 Double-Bit Axe
21:49 Castle Age
21:39 Fletching
21:50 Padded Archer Armor
23:38 Gold Mining
24:15 Thumb Ring
24:37 Bow Saw
25:19 Gold Shaft Mining
26:35 Leather Archer Armor
28:30 Ballistics
31:49 Bodkin Arrow
33:53 Treadmill Crane
TisButAScratch
7:21 Loom
9:49 Feudal Age
10:26 Double-Bit Axe
11:55 Horse Collar
21:54 Castle Age
20:40 Scale Barding Armor
20:45 Forging
21:15 Bloodlines
22:02 Forging
23:53 Iron Casting
23:38 Heavy Plow
23:53 Bow Saw
24:27 Gold Mining
28:14 Gold Shaft Mining
29:15 Wheelbarrow
31:12 Hand Cart
31:50 Husbandry
34:44 Detinets
41:18 Imperial Age
42:21 Conscription
MCSwagger
8:07 Loom
11:28 Feudal Age
15:41 Double-Bit Axe
18:26 Fletching
24:36 Scale Mail Armor
26:14 Horse Collar
27:36 Padded Archer Armor
27:46 Forging
28:43 Wheelbarrow
31:03 Castle Age
31:16 Crossbowman
31:20 Elite Skirmisher
32:10 Thumb Ring
Connection lost

Rejoining the realm…

Still unreachable

The connection could not be restored.

Session expired

The server has moved on; the page needs a fresh start.